 Dungeon Crawl Stone Soup version 0.22.1-1-ga44c0e5 (webtiles) character file.

4202 Lauz the Cleaver (level 10, -7/94 HPs)
             Began as a Minotaur Berserker on Nov 7, 2018.
             Was an Elder of Trog.
             Mangled by a wyvern (20 damage)
             ... on level 8 of the Dungeon.
             The game lasted 00:15:48 (8901 turns).

Lauz the Cleaver (Minotaur Berserker)               Turns: 8901, Time: 00:15:49

Health: -7/94      AC:  6    Str: 25    XL:     10   Next: 8%
Magic:  9/9        EV: 12    Int:  4    God:    Trog [****..]
Gold:   356        SH:  0    Dex: 10    Spells: 9/9 levels left

rFire    . . .     SeeInvis .   a - +0 hand axe
rCold    . . .     Gourm    .   (no shield)
rNeg     . . .     Faith    .   b - +0 animal skin
rPois    .         Spirit   .   A - +1 hat
rElec    .         Reflect  .   l - +1 cloak {MR+}
rCorr    .         Harm     .   w - +0 pair of gloves
MR       ++...                  (no boots)
Stlth    ++........             (no amulet)
HPRegen  0.25/turn              t - ring of wizardry
MPRegen  0.11/turn              C - ring of protection from magic

@: berserk cooldown, slowed, very slow
A: retaliatory headbutt, horns 2
a: Berserk, Trog's Hand, Brothers in Arms, Renounce Religion


You were on level 8 of the Dungeon.
You worshipped Trog.
Trog was greatly pleased with you.
You were very hungry.

You visited 1 branch of the dungeon, and saw 8 of its levels.

You collected 356 gold pieces.

Inventory:

Hand Weapons
 a - a +0 hand axe (weapon)
Armour
 b - a +0 animal skin (worn)
 l - a +1 cloak of magic resistance (worn)
 p - a +0 plate armour
 w - a +0 pair of gloves (worn)
 A - a +1 hat (worn)
 B - a +0 buckler
Jewellery
 d - an uncursed ring of fire
 t - a ring of wizardry (left hand)
 C - a ring of protection from magic (right hand)
Wands
 z - a wand of digging (12)
 D - a wand of enslavement (11)
Scrolls
 f - 5 scrolls of amnesia
 g - 15 scrolls of identify
 h - 2 scrolls of enchant armour
 i - a scroll of random uselessness
 k - 2 scrolls of fog
 n - 4 scrolls of remove curse
 s - 3 scrolls of enchant weapon {unknown}
 x - 4 scrolls of teleportation {unknown}
 y - a scroll of noise {unknown}
 F - 2 scrolls of torment {unknown}
 G - a scroll of silence {unknown}
Potions
 e - 2 potions of might {unknown}
 j - a potion of brilliance {unknown}
 m - a potion of curing
 o - a potion of experience {unknown}
 q - a potion of ambrosia
 r - 2 potions of mutation {unknown}
 u - a potion of degeneration {unknown}
 v - a potion of heal wounds {unknown}
 E - a potion of agility {unknown}
Comestibles
 c - 6 rations
 H - 5 chunks of flesh


   Skills:
 + Level 10.7 Fighting
 + Level 13.7 Axes
 - Level 2.4 Armour
 - Level 2.1 Dodging
 - Level 2.1 Stealth


You had 9 spell levels left.
You didn't know any spells.
Your spell library was empty.

Dungeon Overview and Level Annotations

Branches:
Dungeon (8/15)             Temple (0/1) D:5
   Lair: D:8-11

Altars:
Kikubaaqudgha
Wu Jian
Beogh

Shops:
D:7 [

Annotations:
D:8 Maurice


Innate Abilities, Weirdness & Mutations

You reflexively headbutt those who attack you in melee.
You have a pair of horns on your head.


Message History

Erica hits you with a scimitar of flaming.
* * * LOW HITPOINT WARNING * * *
Erica burns you.
* * * LOW HITPOINT WARNING * * *
You slash Erica!
You feel the power of Trog in you as your rage grows.
You kill Erica!
Trog accepts your kill.
Trog appreciates your killing of a magic user.
You have reached level 10!
You are too berserk!
You feel a strong urge to attack something.
You feel your anger nearly subside.
You are no longer berserk.
You are exhausted.
You feel yourself slow down.
You feel better. The wyvern bites you!
* * * LOW HITPOINT WARNING * * *
The wyvern bites you!!
You die...

##.... ###....... ...... ..
... ........# #....#. ...
##....... ...... .. .......
....##.# ..... #.##.. .@.
##..#.# #)#
#.####(((#.#########@###...
........<......@lZ.........%
.........(...........##.###.
###...####......$...## #
#### ########...# #####


You could see Maurice, a wyvern and a centaur skeleton.

Vanquished Creatures
  Erica (D:8)
  An ugly thing (D:8)
  A cyclops (D:8)
  The ghost of Bodigarde the Thaumaturge, a novice DECj of Vehumet (D:6)
  The ghost of Error4North the Skirmisher, an amateur OgBe of Trog (D:5)
  Edmund (D:5)
  A sky beast (D:6)
  2 orc warriors (D:6)
  2 black bears
  A necrophage (D:8)
  A centaur (D:7)
  A water moccasin zombie (D:8)
  A scorpion (D:5)
  3 killer bees (D:8)
  3 howler monkeys
  A bullfrog zombie (D:5)
  2 centaur zombies
  2 crimson imps
  2 jellies (D:5)
  A gnoll shaman (D:6)
  2 hounds (D:4)
  3 orc priests
  5 orc wizards
  A centaur skeleton (D:7)
  2 iguanas
  Natasha (thrice) (D:2)
  3 worker ants
  2 hound skeletons
  A howler monkey zombie (D:5)
  A howler monkey skeleton (D:7)
  7 adders
  5 gnolls
  A shadow imp (D:5)
  An ooze (D:2)
  An adder skeleton (D:6)
  5 worms
  3 dart slugs
  4 leopard geckos
  34 orcs
  2 ball pythons
  3 giant cockroaches
  8 goblins
  8 hobgoblins
  3 jackals (D:2)
  4 kobolds
  2 quokkas
  6 bats
  6 frilled lizards
  9 rats
164 creatures vanquished.

Notes
Turn   | Place    | Note
-------+----------+-------------------------------------------
     0 | D:1      | Lauz the Minotaur Berserker began the quest for the Orb.
     0 | D:1      | Reached XP level 1. HP: 19/19 MP: 0/0
   257 | D:1      | Reached skill level 4 in Axes
   416 | D:1      | Reached XP level 2. HP: 27/27 MP: 1/1
  1089 | D:2      | Reached XP level 3. HP: 27/33 MP: 2/2
  1308 | D:2      | Reached skill level 5 in Axes
  1308 | D:2      | Reached XP level 4. HP: 33/41 MP: 3/3
  1381 | D:2      | Reached ** piety under Trog
  1534 | D:2      | Noticed Natasha
  1544 | D:2      | Killed Natasha
  1931 | D:2      | Found an ancient bone altar of Kikubaaqudgha.
  1954 | D:2      | Reached skill level 6 in Axes
  1993 | D:2      | Noticed Natasha
  2000 | D:2      | Killed Natasha
  2000 | D:2      | Reached XP level 5. HP: 36/47 MP: 4/4
  2293 | D:2      | Noticed Natasha
  2300 | D:2      | Killed Natasha
  2300 | D:2      | Reached skill level 5 in Fighting
  2732 | D:3      | Reached *** piety under Trog
  2756 | D:2      | Reached skill level 7 in Axes
  2756 | D:2      | Reached XP level 6. HP: 13/56 MP: 5/5
  3046 | D:3      | Reached skill level 1 in Stealth
  3604 | D:4      | Found an ornate altar of the Wu Jian Council.
  4149 | D:4      | Reached skill level 8 in Axes
  4599 | D:5      | Entered Level 5 of the Dungeon
  4600 | D:5      | Found a staircase to the Ecumenical Temple.
  4603 | D:5      | Reached XP level 7. HP: 62/62 MP: 6/6
  4798 | D:5      | Noticed Edmund
  4824 | D:5      | Killed Edmund
  5492 | D:5      | Reached skill level 9 in Axes
  5936 | D:5      | Found a runed gate.
  5936 | D:5      | Found a runed gate.
  5936 | D:5      | Found a runed gate.
  5951 | D:5      | Found a roughly hewn altar of Beogh.
  5958 | D:5      | Noticed Error4North's ghost (amateur OgBe)
  5999 | D:5      | Killed Error4North's ghost
  5999 | D:5      | Reached **** piety under Trog
  5999 | D:5      | Reached skill level 10 in Axes
  5999 | D:5      | Reached XP level 8. HP: 73/73 MP: 7/7
  6904 | D:6      | Found a runed door.
  6907 | D:6      | Noticed Bodigarde's ghost (novice DECj)
  7164 | D:7      | Reached skill level 11 in Axes
  7442 | D:6      | Killed Bodigarde's ghost
  7442 | D:6      | Reached XP level 9. HP: 73/82 MP: 8/8
  7724 | D:7      | Found Qontat's Antique Armour Emporium.
  7911 | D:7      | Reached skill level 12 in Axes
  8302 | D:8      | Noticed a purple ugly thing
  8303 | D:8      | Noticed Erica
  8638 | D:8      | Killed a purple ugly thing
  8638 | D:8      | Reached skill level 13 in Axes
  8677 | D:8      | Noticed a cyclops
  8795 | D:8      | Killed a cyclops
  8795 | D:8      | Reached skill level 10 in Fighting
  8871 | D:8      | Noticed Maurice
  8895 | D:8      | Killed Erica
  8895 | D:8      | Reached XP level 10. HP: 14/94 MP: 9/9
  8901 | D:8      | Mangled by a wyvern

Skill      XL: |  1  2  3  4  5  6  7  8  9 |
---------------+----------------------------+-----
Axes           | 4 5 6 7 8 10 11 13 | 13.7
Fighting       | 4 5 7 8 10 | 10.7
Stealth        | 1 2 |  2.1
Armour         | |  2.4
Dodging        | |  2.1

Action                   |  1- 3 |  4- 6 |  7- 9 | 10-12 || total
-------------------------+-------+-------+-------+-------++-------
Melee: Hand axe          |    55 |   168 |   253 |       ||   476
       Headbutt          |     3 |    31 |    52 |       ||    86
Invok: Berserk           |       |     1 |     7 |       ||     8
       Trog's Hand       |       |       |     1 |       ||     1
  Use: Potion            |       |       |     6 |     1 ||     7
       Scroll            |       |       |     6 |       ||     6
 Stab: Sleeping          |       |     3 |     1 |       ||     4
  Eat: Chunk             |       |    11 |     7 |       ||    18
       Ration            |       |       |     4 |       ||     4
Armor: Animal skin       |     7 |    21 |    42 |       ||    70
Dodge: Dodged            |    41 |    95 |   122 |       ||   258
